 Dungeon Crawl Stone Soup version 0.26.1-11-gd32895ea62 (webtiles) character file.

Game seed: 5496322529286791551

277 tardwrangler69 the Spear-Bearer (level 6, 0/48 HPs)
             Began as a Merfolk Gladiator on Apr 27, 2021.
             Slain by an orc wizard
             ... wielding a cursed -3 dagger
              (3 damage)
             ... on level 3 of the Dungeon.
             The game lasted 00:02:48 (2507 turns).

tardwrangler69 the Spear-Bearer (Merfolk Gladiator) Turns: 2507, Time: 00:02:49

Health: 0/48       AC:  6    Str: 16    XL:     6   Next: 26%
Magic:  6/6        EV: 14    Int:  7    God:
Gold:   144        SH:  0    Dex: 16    Spells: 5/5 levels left

rFire    . . .     SeeInvis .   r - +1 scythe (vamp)
rCold    . . .     Faith    .   (shield currently unavailable)
rNeg     . . .     Spirit   .   b - +0 leather armour
rPois    +         Reflect  .   c - +0 helmet
rElec    .         Harm     .   (no cloak)
rCorr    .         Rampage  .   h - +0 pair of gloves
Will     .....                  n - +0 pair of boots
Stlth    +.........             (no amulet)
HPRegen  0.16/turn              s - ring of poison resistance
MPRegen  0.10/turn              (no ring)

@: no status effects
A: change form in water, swift swim, stealthy swim
a: no special abilities


You were on level 3 of the Dungeon.
You visited 1 branch of the dungeon, and saw 3 of its levels.

You collected 144 gold pieces.

Inventory:

Hand Weapons
 a - a +0 trident
 r - a +1 vampiric scythe (weapon)
Missiles
 d - 3 throwing nets (quivered)
Armour
 b - a +0 leather armour (worn)
 c - a +0 helmet (worn)
 h - a +0 pair of gloves (worn)
 n - a +0 pair of boots (worn)
Jewellery
 s - a ring of poison resistance (left hand)
Wands
 m - a wand of acid (5)
 o - a wand of paralysis (6)
Scrolls
 e - 3 scrolls of remove curse
 f - 6 scrolls of identify {unknown}
 k - a scroll of immolation {unknown}
 l - a scroll of teleportation {unknown}
 t - a scroll of enchant armour {unknown}
 u - a scroll of amnesia {unknown}
Potions
 g - a potion of magic
 i - a potion of heal wounds {unknown}
 j - 2 potions of attraction {unknown}
 p - 2 potions of haste {unknown}
 q - 2 potions of degeneration {unknown}


   Skills:
 + Level 4.3 Fighting
 * Level 8.5 Polearms
 - Level 2.0 Throwing
 - Level 4.0 Dodging


You had 5 spell levels left.
You didn't know any spells.
Your spell library was empty.

Dungeon Overview and Level Annotations

Branches:
Dungeon (3/15)

Altars:
Ru
Xom
Yredelemnul


Message History

Something hits you but does no damage.
Reach: r) +1 scythe (vamp)
Press: ? - help, Dir - move target, f/p - kobold
Aim: a kobold, wielding a +0 dagger You reach to attack!
You slash the kobold!
You kill the kobold!
You hear some strange, mumbled words.
A magic dart appears from out of thin air!
The magic dart hits you.
* * * LOW HITPOINT WARNING * * *
You hear some strange, mumbled words.
A puff of frost appears from out of thin air!
The puff of frost hits you!
* * * LOW HITPOINT WARNING * * *
You slash something!
You feel better. Something hits you but does no damage. Something hits you.
* * * LOW HITPOINT WARNING * * *
It was a potion of magic.
Magic courses through your body. Something hits you but does no damage.
Something hits you.
You die...

##.#.##..................
#......................##
...######...............
.... #..........###.# ..>
#.....).... #.. ..
###.####.#. ## ##.......#
##...###### #@...#
#.){)#.## ......##..#
####.. .## #.. ### ....
.... ....


There were no monsters in sight!

Vanquished Creatures
  Sigmund (D:2)
  An orc priest (D:3)
  An adder (D:3)
  An ooze (D:3)
  2 worms
  A dart slug (D:1)
  2 leopard geckos
  4 orcs (D:3)
  8 bats
  2 giant cockroaches
  3 goblins
  8 hobgoblins
  10 jackals
  5 kobolds
  A quokka (D:2)
  3 frilled lizards (D:2)
  5 rats
58 creatures vanquished.

Vanquished Creatures (others)
  3 plants (D:2)
3 creatures vanquished.

Grand Total: 61 creatures vanquished

Notes
Turn   | Place    | Note
-------+----------+-------------------------------------------
     0 | D:1      | tardwrangler69 the Merfolk Gladiator began the quest for
                  | the Orb.
     0 | D:1      | Reached XP level 1. HP: 16/16 MP: 1/1
   279 | D:1      | Reached XP level 2. HP: 20/23 MP: 2/2
   285 | D:1      | Reached skill level 5 in Polearms
   598 | D:1      | Reached XP level 3. HP: 28/28 MP: 3/3
  1160 | D:2      | Noticed Sigmund
  1264 | D:2      | Killed Sigmund
  1265 | D:2      | Reached skill level 7 in Polearms
  1265 | D:2      | Reached XP level 4. HP: 26/37 MP: 4/4
  1265 | D:2      | Reached XP level 5. HP: 30/42 MP: 5/5
  1417 | D:2      | Found a basalt altar of Yredelemnul.
  1704 | D:2      | Found a shimmering altar of Xom.
  1853 | D:2      | Found a sacrificial altar of Ru.
  2343 | D:3      | Reached skill level 8 in Polearms
  2368 | D:3      | Reached XP level 6. HP: 48/48 MP: 6/6
  2507 | D:3      | Slain by an orc wizard

Illustrated notes

Levels and vault maps discovered:
D:1:      lightli_arrival_maybe_door_vault, layout_basic
D:2:      layout_basic, old_standard_altar, lemuel_crystal_altar,
          old_standard_altar, serial_forest, infiniplex_forest_end_2,
          infiniplex_forest_clump_cross, infiniplex_forest_end_3,
          infiniplex_forest_diagonal, infiniplex_forest_3_way,
          infiniplex_forest_lined_room_2, infiniplex_forest_split,
          infiniplex_forest_straight_2, infiniplex_forest_clump_curved,
          infiniplex_forest_lined_3_way, uniq_sigmund
D:3:      layout_rooms, nicolae_overflow_hidden_temple

Skill      XL: |  1  2  3  4  5 |
---------------+----------------+-----
Polearms       | 5 7 8 |  8.5
Fighting       | 4 |  4.3
Throwing       | |  2.0
Dodging        | |  4.0

Action                   |  1- 3 |  4- 6 || total
-------------------------+-------+-------++-------
Melee: Trident           |   111 |       ||   111
       Scythe            |       |    88 ||    88
  Use: Scroll            |       |     1 ||     1
       Potion            |       |     1 ||     1
 Stab: Sleeping          |     4 |     1 ||     5
Armor: Leather armour    |    19 |    24 ||    43
Dodge: Dodged            |    80 |    53 ||   133
